 Dungeon Crawl Stone Soup version 0.18-a0-1692-g516f9e9 (webtiles) character file.

7430 4thArraOfDagon the Cleaver (level 11, -9/99 HPs)
             Began as a Hill Orc Berserker on Apr 5, 2016.
             Was a Priest of Trog.
             Mangled by a red ugly thing (17 damage)
             ... on level 14 of the Dungeon.
             The game lasted 00:12:23 (2606 turns).

4thArraOfDagon the Cleaver (Hill Orc Berserker)     Turns: 2606, Time: 00:12:23

Health: -9/99      AC: 20    Str: 26    XL:     11   Next: 15%
Magic:  14/14      EV:  9    Int:  7    God:    Trog [***...]
Gold:   125        SH:  0    Dex: 10    Spells: 0 memorised, 10 levels left

rFire  . . .     SeeInvis .     n - +2 war axe (vamp)
rCold  . . .     Gourm    .     y - +0 chain mail
rNeg   . . .     Faith    .     (no shield)
rPois  .         Spirit   .     (no helmet)
rElec  .         Dismiss  .     (no cloak)
rCorr  .         Reflect  .     b - +2 pair of gloves
SustAt .         Harm     .     (no boots)
MR     .....     Clarity  +     (no amulet)
Stlth  ..........               (no ring)
                                e - +6 ring of protection

@: lethally poisoned (-9 -> -46), exhausted, not resistant to hostile
enchantments, extremely unstealthy
A: talons 1, blurry vision 1, clarity, strong 1
a: Berserk, Trog's Hand, Burn Spellbooks, Renounce Religion


You were on level 14 of the Dungeon.
You worshipped Trog.
Trog was most pleased with you.
You were not hungry.

You visited 1 branch of the dungeon, and saw 14 of its levels.

You collected 265 gold pieces.
You spent 140 gold pieces at shops.

Inventory:

Hand Weapons
 n - a +2 vampiric war axe (weapon)
Missiles
 q - 2 throwing nets (quivered)
Armour
 b - a +2 pair of gloves (worn)
 p - the +2 robe "Vergho" {rN+ Int+5, unknown}
   (You found it on level 5 of the Dungeon)

   It affects your intelligence (+5).
   It protects you from negative energy.
 y - a +0 chain mail (worn)
Jewellery
 e - a +6 ring of protection (left hand)
 u - an uncursed ring of teleportation
Wands
 g - a wand of confusion (18/48)
 s - a wand of lightning (11/15)
 t - a wand of confusion (29/48)
 A - a wand of flame (28/48)
 E - a wand of iceblast (7/15)
Scrolls
 a - a scroll of enchant weapon
 i - 3 scrolls of blinking
 j - a scroll of fear
 z - a scroll of magic mapping
 B - a scroll of teleportation
 D - a scroll of fog {unknown}
 F - a scroll of recharging {unknown}
Potions
 d - a potion of agility
 k - a potion of curing {unknown}
 l - a potion of degeneration
 m - a potion of might
 o - a potion of mutation {unknown}
 r - a potion of brilliance {unknown}
 v - a potion of haste
 w - a potion of cure mutation {unknown}
 C - a potion of flight {unknown}
Comestibles
 x - 2 meat rations


   Skills:
 + Level 10.1 Fighting
 * Level 14.7 Axes
 + Level 9.1 Armour
 - Level 1.5 Dodging
 + Level 4.8 Evocations


You had 10 spell levels left.
You didn't know any spells.

Dungeon Overview and Level Annotations

Branches:
Dungeon (14/15)
 Temple: D:4-7         Lair: D:8-11         Orc: D:9-12      Vaults: D:13-14

Altars:
Nemelex Xobeh
Vehumet

Shops:
D:6 =*   D:10 }

Annotations:
D:3 Grinder
D:8 Grum


Innate Abilities, Weirdness & Mutations

You have sharp toenails.
Scrolls take you a little longer to read.
You possess an exceptional clarity of mind.
Your muscles are strong. (Str +2)


Message History

You are too injured to fight recklessly!
You are too injured to fight recklessly!
You are too injured to fight recklessly!
Unknown command.
Evoke which item? (* to show all) (? for menu, Esc to quit)
Okay, then.
Drink which item? (? for menu, Esc to quit)
Your magical effects are unravelling.
You feel magically purged.
You feel less woody.
Your +2 pair of gloves unmelds from your body.
Your +0 chain mail unmelds from your body.
You feel yourself speed up.
Your skin stops crawling.
You feel less resistant to hostile enchantments.
* * * LOW HITPOINT WARNING * * *
You feel very sick. The red ugly thing stings you.
* * * LOW HITPOINT WARNING * * *
You are engulfed in flames!
You die...

## ##.## #######
##.#.#########......
#.#...........>#####
#...###########
##.## #@# #u# #..
###. .# ##.#### #
....... ####### #.
..


You could see a red ugly thing.

Vanquished Creatures
  A hill giant (D:13)
  An unseen horror (D:14)
  2 cyclopes
  8 ugly things
  A centaur skeleton (D:13)
  2 hippogriffs
  Menkaure (D:4)
  A soldier ant (D:11)
  A black bear (D:10)
  A phantom (D:6)
  4 ogres
  A centaur (D:13)
  A big kobold (D:10)
  A giant frog (D:7)
  A gnoll sergeant (D:7)
  5 scorpions
  A wight (D:10)
  3 crimson imps
  A giant frog zombie (D:10)
  A jelly (D:10)
  2 orc priests
  5 hounds
  Terence (D:3)
  Natasha (D:2)
  A worker ant (D:14)
  4 orc wizards
  A hound zombie (D:10)
  2 hound skeletons (D:6)
  2 howler monkey zombies
  9 gnolls
  A worker ant zombie (D:10)
  4 adders (D:5)
  2 shadow imps
  3 worms
  A dart slug (D:1)
  A giant gecko (D:3)
  15 orcs
  3 ball pythons
  3 giant cockroaches
  2 goblins
  A hobgoblin (D:8)
  5 jackals
  8 bats
  2 giant newts
  4 kobolds
  A quokka skeleton (D:7)
  4 rats
  2 fungi
128 creatures vanquished.

Vanquished Creatures (others)
  A fungus (D:5)
1 creature vanquished.

Grand Total: 129 creatures vanquished

Notes
Turn   | Place    | Note
--------------------------------------------------------------
     0 | D:1      | 4thArraOfDagon the Hill Orc Berserker began the quest for the Orb.
     0 | D:1      | Reached XP level 1. HP: 19/19 MP: 1/1
   118 | D:1      | Reached XP level 2. HP: 23/27 MP: 2/2
   199 | D:1      | TIME TO WIN THIS
   256 | D:3      | Noticed Grinder
   353 | D:2      | Noticed Natasha
   356 | D:2      | Killed Natasha
   356 | D:2      | Reached skill level 5 in Axes
   356 | D:2      | Reached XP level 3. HP: 33/33 MP: 3/3
   421 | D:3      | Noticed Terence
   426 | D:3      | Killed Terence
   426 | D:3      | Reached XP level 4. HP: 40/40 MP: 4/4
   451 | D:3      | Reached ** piety under Trog
   606 | D:4      | Noticed Menkaure
   616 | D:4      | Killed Menkaure
   616 | D:4      | Reached skill level 6 in Axes
   616 | D:4      | Reached XP level 5. HP: 47/47 MP: 5/5
   621 | D:4      | Reached XP level 6. HP: 53/53 MP: 6/6
   672 | D:5      | Entered Level 5 of the Dungeon
   677 | D:5      | Got an ichor-stained robe
   704 | D:5      | Reached skill level 5 in Fighting
   704 | D:5      | Reached skill level 7 in Axes
   786 | D:5      | Found a sparkling altar of Nemelex Xobeh.
   861 | D:5      | Reached XP level 7. HP: 36/61 MP: 7/7
   900 | D:5      | Reached skill level 8 in Axes
  1029 | D:6      | Found Himoriwn's Humungous Hoard.
  1038 | D:6      | Bought a potion of haste for 140 gold pieces
  1108 | D:6      | Found Lituasoe's Jewellery Shoppe.
  1202 | D:7      | Reached *** piety under Trog
  1206 | D:7      | Reached skill level 9 in Axes
  1210 | D:7      | Reached skill level 5 in Armour
  1325 | D:7      | Reached XP level 8. HP: 60/70 MP: 8/8
  1587 | D:8      | Reached skill level 10 in Axes
  1681 | D:8      | Found a radiant altar of Vehumet.
  1723 | D:8      | Noticed Grum
  1751 | D:10     | Entered Level 10 of the Dungeon
  1826 | D:10     | Found Nupnet Eqec's Gadget Shop.
  1925 | D:11     | Reached skill level 11 in Axes
  1929 | D:11     | Reached XP level 9. HP: 79/79 MP: 9/9
  1977 | D:11     | Noticed a cyclops
  2003 | D:11     | Killed a cyclops
  2061 | D:11     | Reached skill level 12 in Axes
  2173 | D:13     | Noticed a hill giant
  2184 | D:13     | Killed a hill giant
  2184 | D:13     | Reached skill level 1 in Evocations
  2279 | D:14     | Noticed a green ugly thing
  2279 | D:14     | Noticed a green ugly thing
  2279 | D:14     | Noticed a green ugly thing
  2286 | D:13     | Killed a green ugly thing
  2286 | D:13     | Reached skill level 13 in Axes
  2286 | D:13     | Reached XP level 10. HP: 90/90 MP: 11/11
  2424 | D:14     | Noticed a green ugly thing
  2427 | D:14     | Noticed a green ugly thing
  2430 | D:14     | Killed a green ugly thing
  2431 | D:14     | Killed a purple ugly thing
  2442 | D:14     | Killed a cyan ugly thing
  2447 | D:14     | Killed a cyan ugly thing
  2457 | D:14     | Gained mutation: Your muscles are strong. (Str +2) [mutagenic meat]
  2458 | D:14     | Gained mutation: You possess an exceptional clarity of mind. [mutagenic meat]
  2459 | D:14     | Gained mutation: You have sharp toenails. [mutagenic meat]
  2460 | D:14     | Gained mutation: Scrolls take you a little longer to read. [mutagenic meat]
  2486 | D:14     | Noticed a cyclops
  2501 | D:14     | Killed a cyclops
  2501 | D:14     | Reached skill level 14 in Axes
  2563 | D:14     | Killed an unseen horror
  2571 | D:14     | Noticed a cyan ugly thing
  2579 | D:14     | Noticed a cyan ugly thing
  2579 | D:14     | Killed a cyan ugly thing
  2579 | D:14     | Reached XP level 11. HP: 96/99 MP: 14/14
  2580 | D:14     | Noticed a cyan ugly thing
  2583 | D:14     | Noticed a cyan ugly thing
  2588 | D:14     | Killed a red ugly thing
  2588 | D:14     | Reached skill level 10 in Fighting
  2600 | D:14     | Killed a green ugly thing
  2606 | D:14     | Mangled by a red ugly thing

Vault maps used:
D:1:      dpeg_arrival_three_same_balls, nrook_loot_triangle,
          minmay_gold_behind_fungi, kennysheep_decorative_pillar
D:2:      gammafunk_temple_overflow_forgotten, uniq_natasha
D:3:      uniq_grinder, uniq_terence
D:4:      minmay_temple_entry_glassed_door, first_bread, uniq_menkaure
D:5:      old_forge, nicolae_overflow_crystal_walls
D:6:      kennysheep_mini_moat, serial_shops, nicolae_shop_trees,
          nicolae_alphabet_shops
D:7:      serial_shops, nicolae_shop_waterfront, kennysheep_generic_room_3
D:8:      vehumet_altar_wand_db, grunt_pakellas_mercury, david_lair_shrubbed,
          uniq_prince_ribbit1, uniq_grum
D:10:     erik_orc_1, serial_shops, nicolae_shop_behind_doors, serial_undead,
          serial_undead_f, serial_undead_c, serial_undead_e, serial_undead_f,
          serial_undead_d, serial_undead_c
D:11:     uniq_snorg, uniq_harold
D:13:     erik_vaults_2, uniq_frances
D:14:     hangedman_pestilent_swarm, uniq_azrael

Skill      XL: |  1  2  3  4  5  6  7  8  9 10 11 |
---------------+----------------------------------+-----
Axes           | 5 6 7 9 11 13 14 | 14.7
Fighting       | 4 5 6 7 8 9 10 | 10.1
Armour         | 3 4 5 6 7 8 9 |  9.1
Evocations     | 2 4 |  4.8
Dodging        | |  1.5

Action                   |  1- 3 |  4- 6 |  7- 9 | 10-12 || total
-------------------------+-------+-------+-------+-------++-------
Melee: Hand axe          |    56 |    98 |   115 |       ||   269
       War axe           |       |       |   135 |    92 ||   227
Invok: Berserk           |     2 |     2 |     9 |     3 ||    16
       Trog's Hand       |       |     1 |     6 |     3 ||    10
  Use: Scroll            |       |     4 |    12 |       ||    16
       Potion            |       |       |     1 |     2 ||     3
  Eat: Chunk             |       |     4 |    13 |     6 ||    23
       Bread ration      |       |       |     1 |     1 ||     2
       Royal jelly       |       |       |     1 |       ||     1
